Map: Year Zero LE

Players

MrKillous (SKillous) - Winner!

  • Race: Protoss Protoss
  • Spawn Location: 1:00

Harstem

  • Race: Protoss Protoss
  • Spawn Location: 11:00

Event: IEM Season 13: Katowice (2019)

VOD

Have the link to the VOD?

Description

Time

  • Played on: Feb. 25, 2019, 11:31 a.m.
  • Length: 8:44

All games in this series

Show
View Real Time Build Order
Export as new Build Order

MrKillous Protoss - Winner!

Build Orders: Oracle Opening, Blink Stalkers, Zealot Archon 

Get SALT Encoding   

  12  0:00  Probe  
  13  0:12  Probe  
  14  0:21  Pylon  
  14  0:25  Probe  
  15  0:35  Probe  
  15  0:40  Gateway  
  16  0:43  Probe  
  16  0:48  Assimilator  
  17  0:52  Probe  
  18  0:58  Assimilator  
  18  1:00  Probe  
  19  1:09  Probe  
  19  1:16  Gateway  
  20  1:21  Probe  
  21  1:33  Probe  
  21  1:36  Cybernetics Core  
  22  1:40  Pylon  
  22  1:45  Probe  
  23  1:58  Probe  
  24  2:12  Stargate  
  24  2:22  Nexus  
  24  2:26  Probe  
  24  2:29  Warp Gate  
  25  2:38  Probe  
  25  2:45  Oracle  
  25  2:50  Probe  
  26  2:53  Twilight Council  
  29  3:02  Probe  
  30  3:08  Pylon  
  30  3:14  Probe  
  30  3:19  Oracle  
  31  3:26  Probe  
  35  3:29  Gateway, Blink  
  35  3:30  Probe  
  36  3:38  Probe x2  
  38  3:50  Probe  
  38  3:51  Probe  
  40  3:58  Pylon  
  40  4:02  Probe  
  41  4:03  Shield Battery  
  41  4:05  Probe  
  42  4:14  Probe  
  42  4:16  Stalker  
  45  4:17  Probe  
  45  4:23  Stalker x2  
  50  4:26  Probe  
  50  4:31  Pylon  
  48  4:32  Probe  
  48  4:35  Assimilator  
  49  4:39  Forge  
  49  4:41  Probe  
  49  4:45  Probe  
  51  4:48  Stalker  
  51  4:51  Protoss Ground Weapons Level 1  
  53  4:52  Stalker  
  53  4:53  Stalker  
  53  4:59  Gateway  
  57  5:06  Gateway  
  57  5:16  Stalker  
  57  5:17  Stalker  
  61  5:34  Nexus  
  61  5:35  Charge  
  61  5:36  Pylon  
  61  5:41  Stalker x2  
  62  6:01  Probe  
  62  6:02  Probe  
  62  6:13  Probe, Templar Archives  
  62  6:14  Probe  
  62  6:15  Gateway  
  62  6:16  Gateway  
  64  6:21  Gateway  
  64  6:22  Gateway  
  64  6:25  Probe  
  65  6:26  Probe  
  65  6:27  Pylon  
  64  6:37  Probe  
  64  6:38  Probe  
  66  6:47  Zealot x4  
  66  6:49  Probe x2  
  66  6:50  Probe  
  77  6:56  Pylon  
  77  7:01  Probe x2  
  77  7:02  Probe  
  80  7:10  High Templar x3  
  80  7:13  Probe  
  80  7:15  Archon  
  87  7:17  Zealot x2, High Templar  
  87  7:19  Shield Battery  
  87  7:20  Shield Battery  
  87  7:22  Archon  
  93  7:24  Zealot x2  
  93  7:27  Pylon  
  97  7:39  Zealot x2  
  97  7:43  Zealot x3  
  107  7:44  Zealot  
  107  7:48  Stalker  
  111  7:52  Pylon  
  111  7:58  Zealot x2  
  115  8:00  Zealot  
  95  8:08  Zealot x4  
  91  8:17  Zealot x2  
  93  8:22  Zealot x2  
  81  8:28  Zealot x3  
  81  8:29  Zealot  
  81  8:30  Probe x2  
  81  8:32  Zealot  
  77  8:41  Zealot  
  77  8:42  Zealot  
  77  8:43  Zealot  
Show
View Real Time Build Order
Export as new Build Order

Harstem Protoss 

Build Orders: 1 Gate Expand, Phoenix Opening, Zealot Archon 

Get SALT Encoding   

  12  0:00  Probe  
  13  0:12  Probe  
  14  0:17  Pylon  
  14  0:24  Probe  
  15  0:32  Probe  
  15  0:38  Gateway  
  15  0:40  Probe  
  16  0:48  Assimilator  
  17  0:51  Probe  
  18  1:03  Probe  
  19  1:15  Probe  
  20  1:25  Cybernetics Core  
  20  1:33  Nexus  
  20  1:37  Probe  
  21  1:43  Assimilator  
  21  1:51  Pylon  
  22  1:54  Probe  
  22  2:01  Stalker  
  22  2:06  Warp Gate  
  22  2:10  Probe  
  25  2:22  Sentry, Probe  
  26  2:34  Probe, Pylon  
  29  2:42  Probe  
  29  2:46  Probe  
  29  2:47  Stalker  
  29  2:50  Probe  
  33  2:53  Shield Battery  
  33  2:56  Phoenix  
  34  2:58  Probe  
  34  3:01  Probe  
  36  3:06  Gateway  
  36  3:11  Probe  
  38  3:20  Robotics Facility  
  38  3:21  Stalker  
  38  3:25  Shield Battery  
  38  3:27  Probe  
  38  3:32  Probe  
  41  3:40  Probe  
  42  3:44  Probe  
  43  3:52  Probe  
  44  3:56  Probe  
  44  4:01  Observer  
  44  4:02  Stalker x2  
  49  4:04  Probe  
  49  4:05  Pylon  
  49  4:09  Probe  
  52  4:10  Pylon  
  52  4:15  Assimilator  
  52  4:16  Probe  
  53  4:18  Assimilator  
  53  4:21  Probe  
  50  4:28  Probe  
  51  4:33  Probe  
  51  4:34  Immortal  
  51  4:35  Forge  
  51  4:37  Twilight Council  
  56  4:46  Probe  
  56  4:48  Probe  
  58  4:54  Sentry  
  58  4:58  Probe  
  61  5:00  Probe  
  61  5:02  Pylon  
  61  5:06  Immortal  
  62  5:08  Protoss Ground Weapons Level 1  
  62  5:13  Charge  
  66  5:34  Zealot x2  
  66  5:35  Immortal  
  70  5:44  Gateway  
  70  5:46  Gateway  
  72  6:01  Zealot x2  
  76  6:12  Pylon  
  76  6:13  Pylon  
  76  6:15  Gateway, Templar Archives  
  76  6:17  Gateway  
  76  6:24  Warp Prism  
  76  6:26  Gateway  
  76  6:28  Gateway  
  78  6:40  Pylon  
  78  6:48  Pylon  
  78  6:49  Photon Cannon  
  78  6:53  High Templar x3  
  78  6:54  High Templar  
  86  6:59  Archon  
  86  7:00  Archon  
  86  7:10  Pylon  
  86  7:25  High Templar x2  
  86  7:26  Zealot x6  
  86  7:28  Pylon  
  86  7:29  Archon  
  102  7:47  High Templar x2  
  102  7:48  Zealot x4  
  114  7:52  Archon  
  112  8:00  Zealot x2  
  90  8:13  Zealot x4  
  86  8:20  Zealot x3  
  78  8:33  High Templar  
  78  8:34  High Templar x3  
  70  8:39  Zealot  
  70  8:40  Archon  
  70  8:41  Zealot x3  
  68  8:42  Archon  

Tags
 
Add a new tag
Caveats
  • Supply blocks, unpowered buildings, or Contaminate may cause inaccurate times.
  • Supply counts are checked every 10 seconds.